 Dungeon Crawl Stone Soup version 0.19-a0-895-gdbd5520 (webtiles) character file.

9452 AlphabetPasta the Frost Mage (level 11, -1/79 HPs)
             Began as a Demigod Ice Elementalist on July 4, 2016.
             Slain by a four-headed hydra (9 damage)
             ... on level 1 of the Lair of Beasts.
             The game lasted 01:30:31 (13809 turns).

AlphabetPasta the Frost Mage (DgIE)                Turns: 13809, Time: 01:30:32

Health: -1/79      AC:  7    Str: 11    XL:     11   Next: 3%
Magic:  3/25       EV: 13    Int: 25    God:
Gold:   676        SH:  5    Dex: 16    Spells: 7 memorised, 2 levels left

rFire  . . .     SeeInvis +     z - +2 trident (pierce)
rCold  . . .     Gourm    .     y - +0 leather armour {rPois}
rNeg   . . .     Faith    .     w - +0 buckler
rPois  +         Spirit   .     s - +0 helmet
rElec  .         Dismiss  .     h - +0 cloak
rCorr  .         Reflect  .     I - +0 pair of gloves
SustAt +         Harm     .     (no boots)
MR     +....                    (no amulet)
Stlth  ++........               (no ring)
                                r - ring of see invisible

@: very slightly contaminated, somewhat resistant to hostile enchantments,
unstealthy
A: high mp 1, sustain attributes
a: no special abilities


You were on level 1 of the Lair of Beasts.
You were not hungry.

You visited 2 branches of the dungeon, and saw 12 of its levels.
You also visited: Ossuary.

You collected 1012 gold pieces.
You spent 336 gold pieces at shops.

Inventory:

Hand Weapons
 m - a +0 halberd
 n - the +2 long sword "Ogreslayer" {freeze, rN+}
   (You took it off an orc on level 10 of the Dungeon)

   It has been specially enchanted to freeze those struck by it, causing extra
   injury to most foes and up to half again as much damage against particularly
   susceptible opponents.
   It can also slow down cold-blooded creatures.
   It protects you from negative energy.
 x - the +7 Singing Sword
   (You found it on level 4 of the Dungeon)
 z - a +2 trident of piercing (weapon)
Missiles
 q - 8 javelins (quivered)
Armour
 a - a +0 robe
 h - a +0 cloak (worn)
 p - the +0 shield "Qiceokos" {rC+ Regen+ Stlth+}
   (You found it on level 4 of the Dungeon)

   It protects you from cold.
   It increases your rate of regeneration.
   It makes you more stealthy.
 s - a +0 helmet (worn)
 w - a +0 buckler (worn)
 y - a +0 leather armour of poison resistance (worn)
 I - a +0 pair of gloves (worn)
Jewellery
 r - a ring of see invisible (left hand)
Wands
 t - a wand of teleportation (4/9)
 B - a wand of slowing (15/48)
 C - a wand of iceblast (3/15)
 F - a wand of acid (8/15)
 G - a wand of random effects (16/48)
Scrolls
 e - 5 scrolls of remove curse
 g - 5 scrolls of identify
 k - a scroll of fog
 o - a scroll of recharging
 A - 3 scrolls of amnesia
Potions
 d - 3 potions of flight
 i - 2 potions of agility
 u - a potion of cure mutation
 D - a potion of might
 E - a potion of resistance
Books
 b - a book of Frost

   Spells                             Type                      Level
   a - Freeze                         Ice                          1
   b - Throw Frost                    Conjuration/Ice              2
   c - Ozocubu's Armour               Charms/Ice                   3
   d - Throw Icicle                   Conjuration/Ice              4
   e - Summon Ice Beast               Ice/Summoning                4
 H - a book of Fire

   Spells                             Type                      Level
   a - Ignite Poison                  Fire/Transmutation/Poison    3
   b - Fireball                       Conjuration/Fire             5
   c - Bolt of Fire                   Conjuration/Fire             6
   d - Delayed Fireball               Conjuration/Fire             7
   e - Ring of Flames                 Charms/Fire                  7
Comestibles
 c - 6 bread rations
 j - a slice of pizza
 l - a meat ration


   Skills:
 - Level 2.0 Fighting
 - Level 2.0 Polearms
 - Level 1.0 Throwing
 - Level 4.0 Armour
 + Level 3.0 Dodging
 - Level 1.7 Stealth
 - Level 4.1 Shields
 + Level 6.8 Spellcasting
 + Level 7.0 Conjurations
 + Level 1.8 Fire Magic
 + Level 10.3 Ice Magic


You had 2 spell levels left.
You knew the following spells:

 Your Spells              Type           Power        Failure   Level  Hunger
a - Freeze                Ice            ####         1%          1    None
b - Throw Frost           Conj/Ice       ######       1%          2    None
c - Ozocubu's Armour      Chrm/Ice       ####....     3%          3    None
d - Throw Icicle          Conj/Ice       ######..     2%          4    ###....
e - Summon Ice Beast      Ice/Summ       ####....     12%         4    ###....
f - Ensorcelled Hibernat  Hex/Ice        ####..       1%          2    None
g - Fireball              Conj/Fire      ####......   38%         5    #####..


Dungeon Overview and Level Annotations

Branches:
Dungeon (11/15)            Temple (0/1) D:4            Lair (1/6) D:8
    Orc (0/2) D:9

Shops:
D:4 ?   D:6 !

Portals:
Trove: D:10 (give +4 ice dragon armour)


Innate Abilities, Weirdness & Mutations

You have an increased reservoir of magic. (+10% MP)
Your attributes are resistant to harm.


Message History

* * * LOW HITPOINT WARNING * * *
The four-headed hydra bites you!
* * * LOW HITPOINT WARNING * * *
Casting: Freeze
Confirm with . or Enter, or press ? or * to list all spells.
Aiming: Freeze
Press: ? - help, Shift-Dir - straight line, f/p - four-headed hydra
Aim: a four-headed hydra (almost dead, slow)
You freeze the four-headed hydra.
The four-headed hydra is almost dead.
Casting: Freeze
Confirm with . or Enter, or press ? or * to list all spells.
Aiming: Freeze
Press: ? - help, Shift-Dir - straight line, f/p - four-headed hydra
Aim: a four-headed hydra (almost dead, slow)
You freeze the four-headed hydra.
The four-headed hydra is almost dead.
The four-headed hydra barely misses you.
The four-headed hydra bites you!
You die...

#.....⌠...⌠..
##.##.......#
##.....⌠.... . .
####........... ..
...
####.......##...#.
...
....##........###
..... ....
#...⌠....##..#
##### .....
###....### ..#
......####@####
.## .......$.D##
##
.................
.................
.................
.................
....#.###........
###### ###P.....
######


You could see a four-headed hydra.

Vanquished Creatures
  An unseen horror (D:10)
  Psyche (D:9)
  A spiny frog (Lair:1)
  A komodo dragon (Lair:1)
  Grinder (D:6)
  A two-headed ogre (D:10)
  Sigmund (D:5)
  Eustachio (D:6)
  A spriggan (D:7)
  A wyvern (D:5)
  9 yaks
  2 hippogriffs
  A hungry ghost (D:9)
  A steam dragon (D:10)
  Edmund (D:6)
  A water moccasin (Lair:1)
  2 orc warriors
  2 sky beasts
  5 ice beasts
  A necrophage (D:9)
  A wasp (D:10)
  2 ogres
  2 centaurs
  A big kobold (D:8)
  Blork the orc (D:4)
  An elf zombie (Ossuary)
  3 giant frogs
  A wyvern zombie (D:6)
  10 scorpions
  5 killer bees (D:10)
  4 wights
  A howler monkey (D:8)
  A jelly (D:8)
  3 crimson imps
  A giant frog zombie (D:9)
  A quasit (D:8)
  2 human zombies (Ossuary)
  8 orc priests
  6 hounds
  A centaur zombie (D:1)
  3 giant frog skeletons
  A gnoll shaman (D:6)
  Crazy Yiuf (D:6)
  10 orc wizards
  A centaur skeleton (D:5)
  5 iguanas
  14 worker ants
  2 mummies (Ossuary)
  2 worker ant zombies
  16 adders
  10 gnolls
  7 river rats (Lair:1)
  A shadow imp (D:7)
  2 oozes
  An adder zombie (D:8)
  4 adder skeletons
  5 worms
  2 dart slugs (D:1)
  6 giant geckos
  46 orcs
  3 giant cockroaches
  5 hobgoblins
  7 jackals
  4 quokkas
  12 bats
  6 giant newts
  8 goblins
  2 goblin zombies (Ossuary)
  8 hobgoblin zombies (Ossuary)
  3 jackal zombies (Ossuary)
  8 kobolds
  11 kobold zombies (Ossuary)
  10 orc zombies (Ossuary)
  A quokka skeleton (D:9)
  5 rats
  A rat zombie (D:5)
  2 fungi
325 creatures vanquished.

Vanquished Creatures (collateral kills)
  An ogre (D:5)
  2 scorpions
  2 killer bees (D:10)
  An adder (D:5)
  A worm (D:5)
  A quokka (D:8)
8 creatures vanquished.

Vanquished Creatures (others)
  7 fungi (D:4)
7 creatures vanquished.

Grand Total: 340 creatures vanquished

Notes
Turn   | Place    | Note
-------+----------+-------------------------------------------
     0 | D:1      | AlphabetPasta the Demigod Ice Elementalist began the quest for the Orb.
     0 | D:1      | Reached XP level 1. HP: 14/14 MP: 5/5
   145 | D:1      | Reached skill level 3 in Ice Magic
   268 | D:1      | Reached XP level 2. HP: 20/20 MP: 5/7
   275 | D:1      | Learned a level 2 spell: Throw Frost
   298 | D:1      | Reached skill level 1 in Conjurations
   754 | D:1      | Reached XP level 3. HP: 21/26 MP: 6/8
   762 | D:1      | Learned a level 3 spell: Ozocubu's Armour
   978 | D:1      | HP: 1/27 [centaur zombie (5)]
  1247 | D:2      | Reached XP level 4. HP: 34/34 MP: 9/9
  1423 | D:2      | Reached skill level 1 in Polearms
  1891 | D:2      | Found a stormy altar of Qazlal.
  1966 | D:3      | Reached skill level 4 in Ice Magic
  1980 | D:3      | Found a glowing silver altar of Zin.
  2253 | D:3      | Found a hazy altar of Hepliaklqana.
  2300 | D:3      | Reached XP level 5. HP: 28/39 MP: 6/11
  2658 | D:4      | Learned a level 3 spell: Ozocubu's Armour
  2670 | D:4      | Reached skill level 1 in Throwing
  2701 | D:4      | Found a shattered altar of Ashenzari.
  2806 | D:4      | Found Noanaps's Magic Scroll Emporium.
  2814 | D:4      | Bought a scroll of teleportation for 39 gold pieces
  2814 | D:4      | Bought a scroll of identify for 26 gold pieces
  2814 | D:4      | Bought a scroll of identify for 26 gold pieces
  2814 | D:4      | Bought a scroll of fear for 45 gold pieces
  2856 | D:4      | Found a staircase to the Ecumenical Temple.
  2900 | D:4      | Got a smoking shield
  2907 | D:4      | Identified the cursed +0 shield "Qiceokos" {rC+ Regen+ Stlth+} (You found it on level 4 of the Dungeon)
  2933 | D:4      | Reached XP level 6. HP: 32/46 MP: 13/13
  3108 | D:4      | Reached skill level 1 in Armour
  3252 | D:4      | Reached skill level 5 in Ice Magic
  3257 | D:4      | Noticed Blork the orc
  3264 | D:4      | Killed Blork the orc
  3674 | D:4      | Reached XP level 7. HP: 46/51 MP: 10/15
  3910 | D:5      | Entered Level 5 of the Dungeon
  3925 | D:5      | Found a sand-covered staircase.
  3937 | Ossuary  | Entered an ossuary
  4617 | Ossuary  | Reached skill level 6 in Ice Magic
  4623 | Ossuary  | Learned a level 4 spell: Throw Icicle
  5000 | D:5      | Noticed a wyvern
  5009 | D:5      | Killed a wyvern
  5141 | D:5      | Reached XP level 8. HP: 51/58 MP: 11/17
  5147 | D:5      | Learned a level 4 spell: Summon Ice Beast
  5876 | D:5      | Noticed Sigmund
  5983 | D:5      | Killed Sigmund
  5983 | D:5      | Reached skill level 7 in Ice Magic
  6361 | D:6      | Found Tyturokh's Distillery.
  6367 | D:6      | Bought a potion of haste for 100 gold pieces
  6367 | D:6      | Bought a potion of resistance for 100 gold pieces
  6392 | D:6      | Noticed Grinder
  6416 | D:6      | Killed Grinder
  6416 | D:6      | Reached skill level 1 in Shields
  6623 | D:6      | Found a shimmering altar of Xom.
  6699 | D:6      | Noticed Eustachio
  6711 | D:6      | Noticed Edmund
  6711 | D:6      | Killed Eustachio
  6711 | D:6      | Reached XP level 9. HP: 47/63 MP: 9/19
  6724 | D:6      | Killed Edmund
  6724 | D:6      | Reached skill level 5 in Conjurations
  6824 | D:6      | Reached skill level 8 in Ice Magic
  7494 | D:5      | Reached skill level 5 in Spellcasting
  7872 | D:6      | Found a runed door.
  7876 | D:6      | Noticed Crazy Yiuf
  7881 | D:6      | Killed Crazy Yiuf
  7906 | D:6      | Found a deep blue altar of Sif Muna.
  7938 | D:6      | Upgraded the game from 0.19-a0-878-gfe7e43f to 0.19-a0-895-gdbd5520
  9057 | D:8      | Found a staircase to the Lair.
  9669 | D:8      | Reached skill level 9 in Ice Magic
 10253 | D:8      | Reached XP level 10. HP: 16/70 MP: 7/22
 10627 | D:9      | Noticed Psyche
 10638 | D:9      | Killed Psyche
 10698 | D:9      | Found a bloodstained altar of Trog.
 10798 | D:9      | Found a staircase to the Orcish Mines.
 11154 | D:9      | Reached skill level 1 in Fighting
 11199 | D:9      | Found an iron altar of Okawaru.
 11543 | D:9      | Reached skill level 10 in Ice Magic
 11665 | D:10     | Entered Level 10 of the Dungeon
 11889 | D:7      | Learned a level 2 spell: Ensorcelled Hibernation
 12382 | D:9      | Learned a level 5 spell: Fireball
 12952 | D:10     | Noticed an unseen horror
 12969 | D:10     | Killed an unseen horror
 12969 | D:10     | Reached skill level 1 in Fire Magic
 13156 | D:10     | Noticed a white ugly thing
 13254 | D:10     | Got a faintly glowing long sword {freeze}
 13255 | D:10     | Identified the cursed +2 long sword "Ogreslayer" {freeze, rN+} (You took it off an orc on level 10 of the Dungeon)
 13385 | D:10     | Found a portal to a secret trove of treasure.
 13419 | D:11     | Noticed a tengu warrior
 13419 | D:11     | Noticed a tengu warrior
 13488 | Lair:1   | Entered Level 1 of the Lair of Beasts
 13653 | Lair:1   | Reached XP level 11. HP: 55/79 MP: 7/25
 13776 | Lair:1   | Noticed a four-headed hydra
 13809 | Lair:1   | Slain by a four-headed hydra

Vault maps used:
D:1:      minmay_arrival_four_circles, st_stairs_7, minivault_14,
          minmay_gold_behind_fungi
D:2:      grunt_qazlal_clouds, st_stairs_10, roderic_lattice_a
D:3:      overflow_temple_1_default, nicolae_overflow_crystal_walls, first_bread
D:4:      old_forge, serial_shops, shop, evilmike_ruin_ashenzari,
          uniq_blork_the_orc
D:5:      enter_ossuary_3, uniq_sigmund
D:6:      kennysheep_mini_moat, xom_butterflies, serial_shops,
          nicolae_shop_behind_doors, uniq_edmund, uniq_crazy_yiuf_cottage,
          uniq_grinder, uniq_eustachio
D:7:      the_bakery, eino_curves_01
D:8:      lair_0_dummy, kennysheep_diamond, grunt_decor_mini_mirrors,
          st_stairs_8
D:9:      lemuel_crystal_altar, orc_0_dummy, okawaru_trees_1, uniq_psyche
D:10:     enter_trove_6
D:11:     uniq_maurice
Lair:1:   grunt_megastairs_4, uniq_erica, uniq_nergalle
Ossuary:  ossuary_tomb_1

Skill      XL: |  1  2  3  4  5  6  7  8  9 10 11 |
---------------+----------------------------------+-----
Ice Magic      | 3 4 5 6 7 9 10 | 10.3
Conjurations   | 1 2 3 4 5 7 |  7.0
Dodging        | 2 3 |  3.0
Spellcasting   | 2 3 4 5 6 |  6.8
Polearms       | 1 2 |  2.0
Throwing       | 1 |  1.0
Armour         | 1 3 4 |  4.0
Shields        | 1 3 4 |  4.1
Fighting       | 2 |  2.0
Fire Magic     | 1 |  1.8
Stealth        | |  1.7

Action                   |  1- 3 |  4- 6 |  7- 9 | 10-12 || total
-------------------------+-------+-------+-------+-------++-------
Melee: Unarmed           |    25 |       |       |       ||    25
       Halberd           |    21 |    74 |   224 |       ||   319
       Trident           |       |       |   142 |    90 ||   232
Throw: Javelin           |       |    26 |    49 |     5 ||    80
 Cast: Freeze            |    46 |    96 |   136 |   176 ||   454
       Throw Frost       |     2 |     4 |    87 |    78 ||   171
       Ozocubu's Armour  |     1 |       |     4 |       ||     5
       Throw Icicle      |       |       |     5 |    14 ||    19
       Summon Ice Beast  |       |       |     1 |     1 ||     2
Evoke: Wand              |       |       |     8 |     4 ||    12
  Use: Potion            |     1 |     1 |     7 |     2 ||    11
       Scroll            |       |    15 |     8 |     5 ||    28
 Stab: Sleeping          |     2 |     7 |    14 |     4 ||    27
       Distracted        |       |       |     1 |       ||     1
  Eat: Chunk             |     2 |     8 |    14 |     9 ||    33
       Pizza             |       |       |     1 |     1 ||     2
       Royal jelly       |       |       |     1 |       ||     1
       Beef jerky        |       |       |     3 |       ||     3
       Meat ration       |       |       |       |     2 ||     2
Armor: Robe              |    15 |    12 |       |       ||    27
       Leather armour    |       |     9 |    83 |    57 ||   149
Dodge: Dodged            |    36 |    79 |   189 |   132 ||   436
Block: Buckler           |       |       |    18 |    72 ||    90
